 Dungeon Crawl Stone Soup version 0.27-a0-522-g46bbb28828 (webtiles) character file.

Game seed: 4531597413012367876

44 jasper the Skirmisher (level 3, 0/28 HPs)
             Began as a Demonspawn Warper on Mar 4, 2021.
             Killed from afar by a dart slug (3 damage)
             ... with a slug dart
             ... on level 3 of the Dungeon.
             The game lasted 00:01:45 (1012 turns).

jasper the Skirmisher (Demonspawn Warper)           Turns: 1012, Time: 00:01:46

Health: 0/28       AC:  5    Str: 11    XL:     3   Next: 41%
Magic:  6/6        EV: 11    Int: 15    God:
Gold:   53         SH:  0    Dex: 12    Spells: 6/6 levels left

rFire    . . .     SeeInvis .   a - +0 mace
rCold    . . .     Faith    .   (no shield)
rNeg     . . .     Spirit   .   f - +0 ring mail
rPois    .         Reflect  .   (no helmet)
rElec    .         Harm     .   (no cloak)
rCorr    .         Rampage  .   (no gloves)
Will     .....                  (no boots)
Stlth    +.........             (no amulet)
HPRegen  0.09/turn              (no ring)
MPRegen  0.10/turn              (no ring)

@: no status effects
A: spiny 1
a: no special abilities


You were on level 3 of the Dungeon.
You visited 1 branch of the dungeon, and saw 3 of its levels.

You collected 53 gold pieces.

Inventory:

Hand Weapons
 a - a +0 mace (weapon)
 e - a +3 dagger
Missiles
 i - 3 javelins (quivered)
Armour
 b - a +0 leather armour
 f - a +0 ring mail (worn)
Scrolls
 c - 2 scrolls of identify {unknown}
 d - a scroll of blinking
 g - a scroll of amnesia {unknown}
 h - a scroll of teleportation {unknown}


   Skills:
 + Level 2.7 Fighting
 - Level 1.7 Maces & Flails
 - Level 0.8 Throwing
 + Level 1.8 Armour
 + Level 2.4 Dodging
 - Level 2.0 Spellcasting
 - Level 2.6 Translocations


You had 6 spell levels left.
You didn't know any spells.
Your spell library contained the following spells:

 Spells                   Type           Power        Failure   Level
 Blink                    Tloc           N/A          26%         2
 Gell's Gravitas          Tloc           4%           45%         3
 Lesser Beckoning         Tloc           4%           45%         3
 Teleport Other           Tloc           9%           45%         3
 Manifold Assault         Tloc           9%           86%         4


Dungeon Overview and Level Annotations

Branches:
Dungeon (3/15)

Altars:


Innate Abilities, Weirdness & Mutations

You are partially covered in sharp spines.


Message History

You hit the ball python.
You kill the ball python!
You see here a ball python corpse.
You closely miss the hobgoblin. The hobgoblin closely misses you.
You hit the hobgoblin but do no damage. The hobgoblin closely misses you.
The hobgoblin hits you but does no damage.
You hit the hobgoblin.
The hobgoblin is moderately wounded.
The hobgoblin hits you but does no damage.
You closely miss the hobgoblin.
The hobgoblin is moderately wounded.
The hobgoblin is struck by your spines. The hobgoblin hits you.
* * * LOW HITPOINT WARNING * * *
You take 3 damage, and have 5/28 hp.
You hit the hobgoblin.
The hobgoblin is almost dead.
The hobgoblin hits you.
* * * LOW HITPOINT WARNING * * *
You take 3 damage, and have 2/28 hp.
The hobgoblin closely misses you.
Throw: 4 javelins
Press: ? - help, Q - select action Shift-Dir - straight line, f - hobgoblin
Aim: a hobgoblin (almost dead, 57% to hit)
You throw a javelin.
The javelin pierces through the hobgoblin!
You kill the hobgoblin!
The javelin pierces through the dart slug.
The dart slug is lightly wounded.
The dart slug launches a dart at you. The slug dart misses you.
You see here a ball python corpse.
You hit the dart slug.
The dart slug is moderately wounded.
The dart slug launches a dart at you. The slug dart misses you.
You hit the dart slug.
The dart slug is severely wounded.
The dart slug launches a dart at you. The slug dart hits you.
You die...

......# ....<.# #####.# #.#
#.# #.# #.# ##### #.#
#....##### #.# #.....@w(##
#####.#####....###)(#
#.....#......>.####.##
.............#...##..##
..............##..w...####
..............##...g.......
..............###.....#####
..............###.....#
.............>........#


You could see a dart slug.

Vanquished Creatures
  2 adders
  A dart slug (D:2)
  2 leopard geckos
  An orc (D:3)
  A ball python (D:3)
  5 bats
  3 goblins
  2 hobgoblins
  2 kobolds
  A rat (D:1)
20 creatures vanquished.

Vanquished Creatures (others)
  A giant cockroach (D:3)
1 creature vanquished.

Grand Total: 21 creatures vanquished

Notes
Turn   | Place    | Note
-------+----------+-------------------------------------------
     0 | D:1      | jasper the Demonspawn Warper began the quest for the Orb.
     0 | D:1      | Reached XP level 1. HP: 16/16 MP: 3/3
    61 | D:1      | Reached skill level 1 in Armour
   329 | D:1      | Gained mutation: You are partially covered in sharp spines.
                  | [demonic ancestry]
   329 | D:1      | Reached XP level 2. HP: 6/22 MP: 5/5
   343 | D:2      | HP: 1/22 [leopard gecko (2)]
   923 | D:3      | Reached XP level 3. HP: 19/28 MP: 6/6
  1012 | D:3      | Killed from afar by a dart slug

Illustrated notes

Levels and vault maps discovered:
D:1:      dpeg_cavernosity, layout_basic, amcnicky_mini_corridor_feature
D:2:      layout_loops_corners, overflow_temple_1_default,
          minmay_misc_feat_nine_boxes, minmay_misc_feat_tower
D:3:      layout_rooms, pdpol_wu_jian_five_deadly_venoms

Skill      XL: |  1 |
---------------+----+-----
Armour         | 1 |  1.8
Dodging        | 2 |  2.4
Fighting       | |  2.7
Maces & Flails | |  1.7
Throwing       | |  0.8
Spellcasting   | |  2.0
Translocations | |  2.6

Action                   || total
-------------------------++-------
Melee: Mace              ||    51
Throw: Boomerang         ||     5
       Javelin           ||     2
Armor: Leather armour    ||     6
       Ring mail         ||    11
Dodge: Dodged            ||    39

Table legend: (Time is in decaauts)
 A = Elapsed time spent in this place.
 B = Non-inter-level travel time spent in this place.
 C = Inter-level travel time spent in this place.
 D = Time resting spent in this place.
 E = Time spent auto-exploring this place.
 F = Levels seen in this place.
 G = Mean time per level.
                   A        B        C        D        E       F      G
               +--------+--------+--------+--------+--------+-----+--------+
         Total |   1028 |   1028 |      0 |    333 |    502 |   3 |  342.7 |
       Dungeon |   1028 |   1028 |      0 |    333 |    502 |   3 |  342.7 |
               +--------+--------+--------+--------+--------+-----+--------+

Top non-repeatable levels by time:
     D:2: 577 daAuts
     D:1: 346 daAuts
     D:3: 105 daAuts
